 Dungeon Crawl Stone Soup version 0.30.0 (webtiles) character file.

Game seed: 3804113270540288357

3299 Jackthecabe the Cleaver (level 10, -5/139 HPs)
             Began as a Hill Orc Gladiator on May 6, 2023.
             Was a Believer of Beogh.
             Slain by a cyan ugly thing (12 damage)
             ... on level 7 of the Dungeon.
             The game lasted 00:21:16 (7679 turns).

Jackthecabe the Cleaver (Hill Orc Gladiator)        Turns: 7679, Time: 00:21:17

Health: -5/139     AC: 12    Str: 22    XL:     10   Next: 1%
Magic:  13/13      EV:  6    Int:  8    God:    Beogh [**....]
Gold:   311        SH:  0    Dex: 12    Spells: 9/9 levels left

rFire   . . .        a - +0 broad axe (flame)
rCold   . . .        (no shield)
rNeg    . . .        y - +0 plate armour
rPois   .            c - +0 helmet
rElec   .            e - +0 cloak
rCorr   .            (no gloves)
SInv    .            (no boots)
Will    .....        (no amulet) Stlth
                     L - ring of flight
HPRegen 0.43/turn    (no ring)
MPRegen 0.13/turn

%: no passive effects
@: mighty, berserking, attractive, flying, very quick
A: no striking features
a: Renounce Religion, Smiting


You were on level 7 of the Dungeon.
You worshipped Beogh.
Beogh was pleased with you.
You visited 1 branch of the dungeon, and saw 7 of its levels.
You also visited: Ossuary.

You collected 311 gold pieces.


   Skills:
 - Level 10.0 Fighting
 + Level 13.5 Axes
 - Level 1.7 Throwing
 - Level 2.4 Dodging
 + Level 5.2 Invocations
 - Level 2.0 Evocations


You had 9 spell levels left.
You didn't know any spells.
Your spell library contained the following spells:

 Spells                   Type           Power      Damage    Failure   Level
 Beastly Appendage        Tmut           0%         N/A       100%        1
 Shock                    Conj/Air       0%         1d3       100%        1
 Slow                     Hex            0%         N/A       100%        1
 Wereblood                Tmut           0%         N/A       100%        2
 Confusing Touch          Hex            0%         N/A       100%        3
 Spider Form              Tmut/Pois      0%         N/A       100%        3
 Summon Guardian Golem    Hex/Summ       0%         N/A       100%        3
 Swiftness                Air            0%         N/A       100%        3
 Vampiric Draining        Necr           0%         2d6       100%        3
 Airstrike                Air            0%         2d(0-16)  100%        4
 Orb of Destruction       Conj           0%         9d5       100%        7
 Spellforged Servitor     Conj/Summ      0%         N/A       100%        7

Inventory:

Hand Weapons
 a - a +0 broad axe of flaming (weapon)
Missiles
 b - a javelin
 d - 4 throwing nets (quivered) {=f}
Armour
 c - a +0 helmet (worn)
 e - a +0 cloak (worn)
 m - a +0 chain mail
 v - the +0 chain mail "Caena" {Dex+3}
   (You found it on level 4 of the Dungeon)

   Dex:       It affects your dexterity (+3).
 y - a +0 plate armour (worn)
Jewellery
 t - an amulet of guardian spirit
 L - a ring of flight (left hand)
 M - a ring of magical power
Wands
 B - a wand of iceblast (7)
Scrolls
 h - 3 scrolls of magic mapping {unknown}
 i - 2 scrolls of noise {unknown}
 j - 2 scrolls of vulnerability
 k - 3 scrolls of fog
 o - 2 scrolls of poison {unknown}
 p - 2 scrolls of brand weapon
 q - 4 scrolls of teleportation {unknown}
 s - a scroll of immolation
 z - a scroll of enchant weapon {unknown}
 A - 2 scrolls of amnesia {unknown}
 C - 2 scrolls of blinking {unknown}
Potions
 f - 7 potions of brilliance
 g - 4 potions of curing {@q1}
 l - a potion of resistance {unknown}
 n - a potion of magic {unknown}
 r - a potion of attraction
 u - a potion of invisibility {unknown}
 x - a potion of lignification {unknown}
 D - a potion of mutation {unknown}
 E - a potion of heal wounds {unknown}
 F - 2 potions of flight
 G - 2 potions of might

Dungeon Overview and Level Annotations

Branches:
Dungeon (7/15)             Temple (0/1) D:4         Ossuary (visited)

Altars:
Dithmenos
Elyvilon
Hepliaklqana
Okawaru
Trog

Shops:
D:2

= #.##..##o###
###.#...)#[O..
#####..[..........
#.....░░░░░.░░░░░░
#.###.░ ░ #.# #.░
#.# #.░ #.#
#.░░░░'.' #@#
#.$...Y#
##u###.░░░░'..
#.u.##.░ #...##.░
####...##.░
#.........░
#.........░
#........)░
####...##.░


You could see 2 ugly things.


Message History

The cyan ugly thing shocks you!
The cyan ugly thing attacks as you move away!
The cyan ugly thing punches you but does no damage.
You slash the cyan ugly thing! You burn the cyan ugly thing.
The cyan ugly thing is moderately wounded.
The cyan ugly thing punches you!
* * * LOW HITPOINT WARNING * * *
The cyan ugly thing shocks you!
* * * LOW HITPOINT WARNING * * *
Okay, then.
Okay, then.
Okay, then.
It was a potion of flight.
You feel more buoyant.
The cyan ugly thing punches you but does no damage.
You feel very mighty all of a sudden. The cyan ugly thing punches you.
* * * LOW HITPOINT WARNING * * *
The cyan ugly thing shocks you!
* * * LOW HITPOINT WARNING * * *
Unknown command.
Okay, then.
It was a potion of attraction.
You feel attractive to monsters.
The cyan ugly thing punches you but does no damage.
It was a potion of berserk rage.
A red film seems to cover your vision as you go berserk!
You feel yourself moving faster!
You feel mighty! The cyan ugly thing punches you!
You die...

Skill      XL: |  1  2  3  4  5  6  7  8  9 |
---------------+----------------------------+-----
Axes           | 5 6 7 8 10 12 13 | 13.5
Fighting       | 3 7 10 | 10.0
Invocations    | 3 5 |  5.2
Evocations     | 2 |  2.0
Throwing       | |  1.7
Dodging        | |  2.4

Action                     |  1- 3 |  4- 6 |  7- 9 | 10-12 || total
---------------------------+-------+-------+-------+-------++-------
  Melee: Broad axe         |   110 |   170 |   302 |     9 ||   591
         War axe           |     9 |       |       |       ||     9
         Punch             |     3 |     1 |     9 |       ||    13
  Throw: Javelin           |     1 |       |     1 |       ||     2
         Throwing net      |       |     2 |       |       ||     2
         Dart              |       |       |     3 |       ||     3
 Invoke: Convert to Beogh  |       |       |     1 |       ||     1
         Smiting           |       |       |     5 |       ||     5
  Evoke: Wand              |       |       |     2 |       ||     2
    Use: Scroll            |       |     3 |     6 |       ||     9
         Potion            |       |       |       |     4 ||     4
 Armour: Leather armour    |    17 |       |       |       ||    17
         Chain mail        |    63 |   105 |     6 |       ||   174
         Plate armour      |       |       |   150 |     5 ||   155
  Dodge: Dodged            |    74 |    91 |    89 |     1 ||   255

Levels and vault maps discovered:
D:1:      dpeg_arrival_rooms_b, layout_rooms
D:2:      layout_basic, serial_undead, serial_undead_e, serial_undead_d,
          serial_undead_d, serial_undead_e, serial_shops, shop,
          hellmonk_ecumenical_altar_blasted, dreamdust_princess_bridge,
          nicolae_elevator_lobby_plus
D:3:      layout_loops_ring, nzn_hepliaklqana_mist_gate, grunt_dithmenos_smoke,
          trog_wizard, old_standard_altar, minmay_ruptured
D:4:      layout_basic, temple_pool_b, uniq_eustachio
D:5:      layout_layer_cave, elyvilon_altar_3, enter_ossuary_4,
          minmay_chambers_of_fives
D:6:      layout_rooms
D:7:      layout_loops_ring, marbit_many_paths, minmay_the_grid_2x2
          [minmay_the_grid_garden, minmay_the_grid_spikes,
          minmay_the_grid_paths, minmay_the_grid_prize_four_corners]

Notes
Turn   | Place    | Note
-------+----------+-------------------------------------------
     0 | D:1      | Jackthecabe the Hill Orc Gladiator began the quest for the
                  | Orb.
     0 | D:1      | Reached XP level 1. HP: 18/18 MP: 1/1
   192 | D:1      | Reached XP level 2. HP: 14/25 MP: 2/2
   569 | D:1      | Reached skill level 5 in Axes
   699 | D:2      | Reached XP level 3. HP: 30/30 MP: 3/3
   703 | D:2      | Found Pul Nolu's Jewellery Shoppe.
  1080 | D:2      | Reached skill level 6 in Axes
  1081 | D:2      | Found a faded altar of an unknown god.
  1610 | D:3      | Found a shadowy altar of Dithmenos.
  1766 | D:3      | Reached XP level 4. HP: 30/37 MP: 4/4
  2055 | D:3      | Identified the staff of air "Gabafuol" {rElec rCorr}
  2096 | D:3      | Reached skill level 7 in Axes
  2181 | D:2      | Reached XP level 5. HP: 37/42 MP: 5/5
  2319 | D:3      | Found an iron altar of Okawaru.
  2478 | D:3      | Reached skill level 8 in Axes
  2478 | D:3      | Reached skill level 3 in Fighting
  2661 | D:3      | Reached XP level 6. HP: 43/51 MP: 6/6
  2905 | D:3      | Reached skill level 9 in Axes
  2975 | D:3      | Found a hazy altar of Hepliaklqana.
  3130 | D:3      | Found a bloodstained altar of Trog.
  3131 | D:3      | Noticed a wizard
  3137 | D:3      | Killed a wizard
  3508 | D:4      | Identified the +0 chain mail "Caena" {Dex+3}
  3529 | D:4      | Noticed Eustachio
  3551 | D:4      | Killed Eustachio
  3552 | D:4      | Reached skill level 10 in Axes
  3552 | D:4      | Reached XP level 7. HP: 12/57 MP: 7/7
  3751 | D:4      | Became a worshipper of Beogh the Brigand
  3946 | D:4      | Found a staircase to the Ecumenical Temple.
  4278 | D:5      | Entered Level 5 of the Dungeon
  4308 | D:5      | Noticed a shadow
  4333 | D:5      | Reached skill level 11 in Axes
  4343 | D:5      | Killed a shadow
  4344 | D:5      | Reached skill level 12 in Axes
  4344 | D:5      | Reached XP level 8. HP: 57/63 MP: 8/8
  4478 | D:5      | Reached skill level 4 in Fighting
  4549 | D:5      | Found a white marble altar of Elyvilon.
  4588 | D:5      | Reached skill level 5 in Fighting
  4770 | D:5      | Found a sand-covered staircase.
  4787 | Ossuary  | Entered an ossuary
  4833 | Ossuary  | Reached * piety under Beogh
  5072 | Ossuary  | Reached ** piety under Beogh
  5092 | Ossuary  | Noticed Menkaure
  5109 | Ossuary  | Killed Menkaure
  5110 | Ossuary  | Reached skill level 6 in Fighting
  5494 | D:5      | Reached skill level 7 in Fighting
  5494 | D:5      | Reached skill level 1 in Invocations
  5808 | D:5      | Reached skill level 2 in Invocations
  6298 | D:6      | Reached skill level 3 in Invocations
  6298 | D:6      | Reached XP level 9. HP: 78/80 MP: 11/11
  6402 | D:6      | Reached skill level 8 in Fighting
  6402 | D:6      | Reached skill level 4 in Invocations
  6402 | D:6      | Reached skill level 1 in Evocations
  6503 | D:6      | Reached skill level 2 in Evocations
  6908 | D:7      | Noticed a two-headed ogre
  6915 | D:7      | Killed a two-headed ogre
  6916 | D:7      | Reached skill level 10 in Fighting
  7048 | D:7      | Noticed a deep elf pyromancer
  7050 | D:7      | Noticed a two-headed ogre
  7055 | D:7      | Noticed a two-headed ogre
  7056 | D:7      | Killed a deep elf pyromancer
  7057 | D:7      | Reached skill level 13 in Axes
  7313 | D:7      | Noticed a troll
  7342 | D:7      | HP: 7/85 [troll (2)]
  7343 | D:7      | Killed a troll
  7603 | D:7      | Reached skill level 5 in Invocations
  7603 | D:7      | Reached XP level 10. HP: 85/93 MP: 13/13
  7664 | D:7      | Noticed a cyan ugly thing
  7667 | D:7      | Noticed a green ugly thing
  7677 | D:7      | HP: 4/93 [cyan ugly thing (17)]
  7679 | D:7      | Slain by a cyan ugly thing

Vanquished Creatures
  A two-headed ogre (D:7)
  A deep elf pyromancer (D:7)
  A troll (D:7)
  A shadow (D:5)
  Eustachio (D:4)
  Menkaure (Ossuary)
  3 water moccasins
  A black bear (D:5)
  An ice beast (D:7)
  A bullfrog (D:6)
  5 scorpions
  A howler monkey (D:5)
  A hound (D:5)
  2 gnoll boudas
  2 orc priests (D:7)
  2 iguanas
  5 orc wizards
  3 mummies (Ossuary)
  23 gnolls
  7 adders
  An ufetubus (D:5)
  2 adder zombies (D:2)
  An adder skeleton (D:2)
  2 dart slugs
  15 orcs
  8 ball pythons
  A bat zombie (D:2)
  8 endoplasms
  4 giant cockroaches
  A gnoll zombie (Ossuary)
  6 goblins
  7 hobgoblins
  3 kobolds
  2 quokkas
  A ball python skeleton (D:2)
  5 bats
  3 frilled lizards (D:2)
  A giant cockroach zombie (D:2)
  2 gnoll skeletons (Ossuary)
  6 goblin skeletons (Ossuary)
  4 goblin zombies (Ossuary)
  2 hobgoblin skeletons (Ossuary)
  6 hobgoblin zombies (Ossuary)
  8 kobold skeletons (Ossuary)
  A kobold zombie (Ossuary)
  4 orc skeletons (Ossuary)
  6 orc zombies (Ossuary)
  A quokka skeleton (D:2)
  A quokka zombie (D:2)
  7 rats
  3 rat skeletons (Ossuary)
  9 rat zombies
194 creatures vanquished.

Vanquished Creatures (others)
  A wizard (D:3)
  An adder (D:6)
  An orc (D:4)
  6 plants (D:7)
  A withered plant (D:2)
10 creatures vanquished.

Grand Total: 204 creatures vanquished

Table legend: (Time is in decaauts)
 A = Elapsed time spent in this place.
 B = Non-inter-level travel time spent in this place.
 C = Inter-level travel time spent in this place.
 D = Time resting spent in this place.
 E = Time spent auto-exploring this place.
 F = Levels seen in this place.
 G = Mean time per level.
                   A        B        C        D        E       F      G
               +--------+--------+--------+--------+--------+-----+--------+
         Total |   7756 |   7410 |    346 |   1338 |   4093 |   8 |  969.5 |
       Dungeon |   7216 |   6870 |    346 |   1177 |   3910 |   7 | 1030.9 |
       Ossuary |    539 |    539 |      0 |    161 |    183 |   1 |  539.0 |
               +--------+--------+--------+--------+--------+-----+--------+

Top non-repeatable levels by time:
     D:3: 1564 daAuts
     D:2: 1324 daAuts
     D:5: 1106 daAuts
     D:7: 926 daAuts
     D:4: 842 daAuts
     D:6: 827 daAuts
     D:1: 625 daAuts
 Ossuary: 539 daAuts

Table legend:
 A = Non-vault XP
 B = Vault XP
 C = Vault XP percentage of total XP
 D = Non-vault monster count
 E = Vault monster count
 F = Vault count percentage of total count
                 A         B        C        D         E       F
            +---------+---------+-------+---------+---------+-------
      Total |    2673 |    2040 |  43.3 |     118 |      76 |  39.2
            +---------+---------+-------+---------+---------+-------
        D:1 |      18 |       0 |   0.0 |      10 |       0 |   0.0
        D:2 |      80 |      22 |  21.6 |      27 |       8 |  22.9
        D:3 |     362 |       2 |   0.5 |      36 |       1 |   2.7
        D:4 |     170 |     197 |  53.7 |      15 |       1 |   6.2
        D:5 |     499 |     478 |  48.9 |      12 |       7 |  36.8
        D:6 |     514 |       0 |   0.0 |       6 |       0 |   0.0
        D:7 |    1030 |    1058 |  50.7 |      12 |       5 |  29.4
    Ossuary |       0 |     283 | 100.0 |       0 |      54 | 100.0
            +---------+---------+-------+---------+---------+-------
